 Dungeon Crawl Stone Soup version 0.28.0 (webtiles) character file.

Game seed: 3945639018736743101

1251 tsouns the Spear-Bearer (level 8, 0/64 HPs)
             Began as a Merfolk Berserker on Feb 11, 2022.
             Was a Priest of Trog.
             Slain by a vampire mosquito (10 damage)
             ... on level 6 of the Dungeon.
             The game lasted 00:06:48 (5652 turns).

tsouns the Spear-Bearer (Merfolk Berserker)         Turns: 5652, Time: 00:06:48

Health: 0/64       AC: 12    Str: 20    XL:     8   Next: 51%
Magic:  8/8        EV:  8    Int:  6    God:    Trog [***...]
Gold:   215        SH:  0    Dex: 13    Spells: 7/7 levels left

rFire   . . .      SeeInvis .   E - +1 halberd
rCold   . . .      Faith    .   (shield currently unavailable)
rNeg    . . .      Spirit   .   d - +0 plate armour
rPois   .          Reflect  .   (no helmet)
rElec   .          Harm     .   e - +0 cloak
rCorr   .          Rampage  .   (no gloves)
Will    ++...                   (no boots)
Stlth   ..........              g - amulet of the acrobat
HPRegen 1.20/turn               (no ring)
MPRegen 0.11/turn               (no ring)

@: about to teleport, strong-willed, on berserk cooldown, regenerating, slowed,
very slow
A: (nimble swimmer 2), mertail
a: Renounce Religion, Berserk, Trog's Hand


You were on level 6 of the Dungeon.
You worshipped Trog.
Trog was most pleased with you.
You visited 1 branch of the dungeon, and saw 7 of its levels.

You collected 215 gold pieces.

Inventory:

Hand Weapons
 a - a +0 spear
 E - a +1 halberd (weapon)
Missiles
 n - 3 poisoned darts
 B - 5 javelins (quivered)
Armour
 b - a +0 animal skin
 d - a +0 plate armour (worn)
 e - a +0 cloak (worn)
 k - a +0 chain mail
Jewellery
 g - an amulet of the acrobat (around neck)
 u - an amulet of magic regeneration
Wands
 r - a wand of mindburst (24)
Scrolls
 l - 2 scrolls of teleportation
 y - a scroll of silence
Potions
 c - a potion of might
 i - a potion of degeneration
 j - a potion of lignification
 p - 2 potions of curing
 q - a potion of ambrosia
 s - a potion of invisibility {unknown}
 v - a potion of mutation {unknown}
 w - 2 potions of brilliance {unknown}
 x - 3 potions of magic {unknown}
 z - 2 potions of heal wounds {unknown}
 A - a potion of attraction {unknown}
 C - 2 potions of resistance {unknown}


   Skills:
 + Level 5.9 Fighting
 * Level 10.0 Polearms
 + Level 3.6 Armour
 + Level 6.3 Dodging


You had 7 spell levels left.
You didn't know any spells.
Your spell library was empty.

Dungeon Overview and Level Annotations

Branches:
Dungeon (7/15)             Temple (0/1) D:5

Altars:
Cheibriados


Innate Abilities, Weirdness & Mutations

((You are very nimble when in or above water. (Stealth+, EV+, Speed+++)))
Your lower body shifts to a powerful aquatic tail in water.


Message History

* * * LOW HITPOINT WARNING * * *
You closely miss the vampire mosquito.
The vampire mosquito is heavily damaged.
The vampire mosquito bites you.
* * * LOW HITPOINT WARNING * * *
The vampire mosquito draws strength from your injuries!
The gnoll misses you.
You barely miss the vampire mosquito.
The vampire mosquito is heavily damaged.
The vampire mosquito bites you!
* * * LOW HITPOINT WARNING * * *
The vampire mosquito draws strength from your injuries!
You puncture the vampire mosquito!
The vampire mosquito is heavily damaged.
The vampire mosquito bites you but does no damage.
The gnoll hits you but does no damage. The vampire mosquito barely misses you.
You closely miss the vampire mosquito.
The vampire mosquito is heavily damaged.
The vampire mosquito bites you but does no damage.
The gnoll hits you from afar with a +0 spear.
* * * LOW HITPOINT WARNING * * *
You completely miss the vampire mosquito.
The vampire mosquito is moderately damaged.
The vampire mosquito bites you but does no damage.
You feel a strong urge to attack something.
The vampire mosquito completely misses you.
You feel your anger nearly subside.
You are no longer berserk.
You are exhausted.
You feel yourself slow down.
Your skin crawls.
You feel strong-willed.
The vampire mosquito closely misses you.
The vampire mosquito bites you but does no damage.
The vampire mosquito barely misses you.
The vampire mosquito bites you but does no damage.
The gnoll misses you. The vampire mosquito misses you.
The vampire mosquito completely misses you.
As you read the scroll of teleportation, it crumbles to dust.
You feel strangely unstable. The vampire mosquito bites you!
You die...

......####
.....>Z..+
......#)##
#######'#######
#...g.....#
#.........#
#.....g...#
#......y..#
#......y@.#
#.........#
#.........#######
#...............#
####+####.......#
#............#
######+#######


You could see 2 vampire mosquitoes, 2 gnolls and a bullfrog zombie.

Vanquished Creatures
  Grinder (D:3)
  An orc warrior (D:4)
  A necrophage (D:5)
  2 ogres
  A scorpion (D:5)
  A gnoll sergeant (D:5)
  A water moccasin zombie (D:7)
  A howler monkey (D:5)
  A jelly (D:6)
  A centaur zombie (D:7)
  A gnoll shaman (D:3)
  A centaur skeleton (D:3)
  A killer bee zombie (D:4)
  A hound zombie (D:4)
  A hound skeleton (D:4)
  11 gnolls
  12 adders
  An ufetubus (D:4)
  3 worms
  2 dart slugs
  7 orcs
  5 bats
  8 endoplasms
  3 giant cockroaches (D:1)
  10 goblins
  10 hobgoblins
  2 jackals (D:1)
  4 quokkas
  11 ball pythons
  4 frilled lizards
  6 kobolds
  4 rats (D:1)
119 creatures vanquished.

Notes
Turn   | Place    | Note
-------+----------+-------------------------------------------
     0 | D:1      | tsouns the Merfolk Berserker began the quest for the Orb.
     0 | D:1      | Reached XP level 1. HP: 18/18 MP: 1/1
   296 | D:1      | Reached XP level 2. HP: 19/24 MP: 2/2
   465 | D:1      | Found a faded altar of an unknown god.
   645 | D:1      | Reached skill level 5 in Polearms
   853 | D:1      | Reached XP level 3. HP: 29/29 MP: 3/3
  1031 | D:2      | Reached ** piety under Trog
  1344 | D:2      | Reached XP level 4. HP: 37/37 MP: 4/4
  1905 | D:2      | Reached skill level 6 in Polearms
  2217 | D:3      | Reached XP level 5. HP: 42/42 MP: 5/5
  2577 | D:3      | Reached XP level 6. HP: 39/49 MP: 6/6
  2662 | D:3      | Noticed Grinder
  2672 | D:3      | Paralysed by Grinder for 2 turns
  2684 | D:3      | Killed Grinder
  2685 | D:3      | Reached skill level 7 in Polearms
  2896 | D:3      | Reached XP level 7. HP: 55/55 MP: 7/7
  2949 | D:3      | Reached skill level 8 in Polearms
  2949 | D:3      | Reached skill level 5 in Dodging
  3706 | D:4      | Reached skill level 5 in Fighting
  4189 | D:4      | Reached *** piety under Trog
  4672 | D:4      | Reached skill level 9 in Polearms
  4804 | D:5      | Entered Level 5 of the Dungeon
  4851 | D:5      | Reached XP level 8. HP: 63/63 MP: 8/8
  5324 | D:5      | You fall into a shaft and drop 2 floors!
  5507 | D:7      | Found a snail-covered altar of Cheibriados.
  5611 | D:6      | Reached skill level 10 in Polearms
  5652 | D:6      | Slain by a vampire mosquito

Illustrated notes

Levels and vault maps discovered:
D:1:      dpeg_arrival_houses_and_road, layout_basic,
          dilly_ecumenical_altar_fadedgnrine
D:2:      layout_loops_cross, minmay_snake_closets
D:3:      layout_basic, kennysheep_generic_room_12, uniq_grinder
D:4:      minmay_skewed_foursquare, layout_basic, st_stairs_4, minmay_hedge_maze
D:5:      layout_loops_ring, temple_green, small_statue_alley_b,
          lightli_minifort, uniq_eustachio, uniq_menkaure, uniq_duvessa
D:6:      layout_basic, serial_shops, nicolae_stop_n_shop_1, minmay_bent,
          uniq_prince_ribbit1
D:7:      layout_loops_ring, kennysheep_slug_shrine, serial_co_window_serial,
          co_window_corner_a, co_window_paths_a, co_window_paths_b,
          co_window_corner_a, co_window_corner_a, co_window_paths_c,
          co_window_corner_cb, co_window_cross_4, co_window_broadway_b,
          co_window_paths_c, co_window_corner_cb, glass_columns_a,
          glass_columns_a, glass_columns_a, glass_columns_b, glass_columns_a

Skill      XL: |  1  2  3  4  5  6  7  8 |
---------------+-------------------------+-----
Dodging        | 3 4 5 6 |  6.3
Polearms       | 5 6 7 9 10 | 10.0
Armour         | 2 3 |  3.6
Fighting       | 4 5 |  5.9

Action                   |  1- 3 |  4- 6 |  7- 9 || total
-------------------------+-------+-------+-------++-------
Melee: Spear             |   114 |   165 |   246 ||   525
       Punch             |       |     2 |     4 ||     6
       Halberd           |       |       |    30 ||    30
       Tailslap          |       |       |     1 ||     1
Invok: Berserk           |       |     2 |     5 ||     7
       Trog's Hand       |       |       |     1 ||     1
  Use: Scroll            |       |       |    15 ||    15
Armor: Animal skin       |     9 |       |       ||     9
       Chain mail        |    22 |    50 |    53 ||   125
       Plate armour      |       |       |    15 ||    15
Dodge: Dodged            |    34 |    44 |    75 ||   153
